 Dungeon Crawl Stone Soup version 0.16-a0-282-ga87e286 (webtiles) character file.

189 Ratboiler the Twirler (level 5, -4/41 HPs)
             Began as a Demonspawn Gladiator on Aug 27, 2014.
             Slain by Sigmund
             ... wielding a +0 scythe
              (9 damage)
             ... on Level 3 of the Dungeon.
             The game lasted 00:07:07 (2798 turns).

Ratboiler the Twirler (Demonspawn Gladiator)        Turns: 2798, Time: 00:07:08

HP  -4/41        AC  7     Str 15      XL: 5   Next: 40%
MP   5/5         EV  8     Int  9      God:
Gold 79          SH  0     Dex 15      Spells:  0 memorised,  4 levels left

rFire  . . .     SeeInvis .     y - +1 morningstar (crush)
rCold  . . .     Clarity  .     o - +0 scale mail
rNeg   . . .     rCorr    +     (no shield)
rPois  .         rRot     .     (helmet restricted)
rElec  .         Spirit   .     (no cloak)
SustAb .         Warding  .     (no gloves)
rMut   .         Stasis   .     (no boots)
Gourm  .                        s - amulet of resist corrosion
MR     .....                    (no ring)
                                n - ring of wizardry

@: not resistant to hostile enchantments, extremely unstealthy
A: horns 1, icy blue scales 1
a: no special abilities


You were on level 3 of the Dungeon.
You were not hungry.

You visited 1 branch of the dungeon, and saw 4 of its levels.

You collected 79 gold pieces.

Inventory:

Hand weapons
 a - a +0 quarterstaff
 y - a +1 morningstar of crushing (weapon)
Missiles
 d - 3 throwing nets (quivered)
 j - 7 needles of frenzy
 E - 9 poisoned needles
Armour
 b - a +0 leather armour
 c - a +0 helmet
 o - a +0 scale mail (worn)
Magical devices
 A - a wand of fireball (1) {unknown}
Comestibles
 f - 4 bread rations
 i - a beef jerky
 q - 2 meat rations
 w - 3 fruits
 B - 3 chunks of orc flesh
Scrolls
 e - 2 scrolls of enchant armour {unknown}
 h - a scroll of blinking {unknown}
 k - 7 scrolls of identify {unknown}
 l - a scroll of recharging {unknown}
 m - 2 scrolls of enchant weapon {unknown}
 r - a scroll of fear {unknown}
 t - 3 scrolls of teleportation {unknown}
 x - a scroll of noise {unknown}
 D - a scroll of immolation {unknown}
Jewellery
 n - a ring of wizardry (left hand)
 s - an amulet of resist corrosion (around neck)
Potions
 g - a potion of agility {unknown}
 p - a potion of curing
 u - a potion of heal wounds {unknown}
Books
 C - a book of Unlife

   Spells                             Type                      Level
   Recall                             Summoning/Translocation      3
   Animate Dead                       Necromancy                   4
   Control Undead                     Necromancy                   4
   Twisted Resurrection               Necromancy                   5
   Death Channel                      Necromancy                   6
   Simulacrum                         Ice/Necromancy               6


   Skills:
 + Level 3.0 Fighting
 * Level 4.1 Staves
 - Level 1.7 Throwing
 + Level 1.7 Armour
 + Level 3.5 Dodging


You had 4 spell levels left.
You didn't know any spells.

Dungeon Overview and Level Annotations

Branches:
Dungeon (4/15)
 Temple: D:4-7

Altars:
Trog
Xom

Annotations:
D:3 Sigmund


Innate Abilities, Weirdness & Mutations

You have a pair of small horns on your head.
You are partially covered in icy blue scales (AC +1).


Message History

The magic dart hits you!
* * * LOW HITPOINT WARNING * * *
Drink which item? (? for menu, Esc to quit)
You feel better.
You hear some strange, mumbled words.
The puff of flame hits you!
* * * LOW HITPOINT WARNING * * *
You hit something. Something hits you.
* * * LOW HITPOINT WARNING * * *
You closely miss something. You headbutt something.
You hear some strange, mumbled words.
The puff of flame hits you!
* * * LOW HITPOINT WARNING * * *
Something hits you but does no damage.
Drink which item? (? for menu, Esc to quit)
You feel better.
You barely miss something. Your headbutt misses something. Something hits you.
* * * LOW HITPOINT WARNING * * *
You completely miss something. Something hits you!
You die...

###.#######.####.#.#
###................#
.....######(.%...###
.#...# #......#
.#...# #......#
.#...# #...##.#
.#...# #...##.######
.....# #...........#
.....# #.....@###.##
....... ..........#
....... .....###.#
...... ...... .#
...># ##.# .# ..#.
.. .# ..# .# .# #


There were no monsters in sight!

Vanquished Creatures
  A worker ant (D:3)
  Jessica (D:3)
  6 adders
  An adder skeleton (D:4)
  4 giant geckos
  2 orcs
  2 ball pythons (D:3)
  7 bats
  5 giant cockroaches
  9 goblins
  9 hobgoblins
  7 jackals
  13 kobolds
  3 giant newts
  A hobgoblin skeleton (D:4)
  A quokka (D:2)
  10 rats
82 creatures vanquished.

Notes
Turn   | Place    | Note
--------------------------------------------------------------
     0 | D:1      | Ratboiler, the Demonspawn Gladiator, began the quest for the Orb.
     0 | D:1      | Reached XP level 1. HP: 16/16 MP: 1/1
   218 | D:1      | Gained mutation: You have a pair of small horns on your head. [demonic ancestry]
   218 | D:1      | Reached XP level 2. HP: 16/22 MP: 2/2
   497 | D:1      | Reached skill level 3 in Dodging
   856 | D:1      | Reached XP level 3. HP: 27/27 MP: 3/3
   940 | D:2      | Reached skill level 1 in Armour
  1359 | D:2      | Gained mutation: You are partially covered in icy blue scales (AC +1). [demonic ancestry]
  1359 | D:2      | Reached XP level 4. HP: 27/34 MP: 4/4
  1896 | D:3      | Found a shimmering altar of Xom.
  2271 | D:3      | Reached XP level 5. HP: 35/40 MP: 5/5
  2302 | D:3      | Noticed Jessica
  2307 | D:3      | Killed Jessica
  2307 | D:3      | Reached skill level 4 in Staves
  2528 | D:3      | Found a shimmering altar of Xom.
  2530 | D:3      | Found a shimmering altar of Xom.
  2530 | D:3      | Found a shimmering altar of Xom.
  2538 | D:3      | You fall through a shaft!
  2587 | D:4      | Found a bloodstained altar of Trog.
  2779 | D:3      | Noticed Sigmund
  2789 | D:3      | HP: 2/41 [something (6)]
  2795 | D:3      | HP: 2/41 [something/puff of flame (3)]
  2798 | D:3      | Slain by Sigmund

Action                   |  1- 3 |  4- 6 || total
-------------------------+-------+-------++-------
Melee: Quarterstaff      |   128 |    70 ||   198
       Morningstar       |       |    42 ||    42
Throw: Throwing net      |       |     1 ||     1
  Use: Potion            |       |     3 ||     3
  Eat: Chunk             |     1 |     5 ||     6
